 Dungeon Crawl Stone Soup version 0.31-a0-1134-gb247575874 (webtiles) character file.

Game seed: 14835757700725821961

399 senseless the Cutter (level 6, -4/53 HPs)
             Began as a Gnoll Chaos Knight on Dec 5, 2023.
             Was a Plaything of Xom.
             Killed by nerve-wracking pain
             ... invoked by an orc priest
              (13 damage)
             ... on level 5 of the Dungeon.
             The game lasted 00:10:38 (3810 turns).

senseless the Cutter (Gnoll Chaos Knight)           Turns: 3810, Time: 00:10:40

Health: -4/53      AC:  6    Str: 14    XL:     6   Next: 84%
Magic:  8/8        EV: 12    Int: 11    God:    Xom [*.....]
Gold:   264        SH:  5    Dex: 11    Spells: 9/9 levels left

rFire   + . .        h - +2 battleaxe (heavy)
rCold   x . .        (shield currently unavailable)
rNeg    . . .        b - +3 leather armour
rPois   +            (no helmet)
rElec   .            (no cloak)
rCorr   .            (no gloves)
SInv    +            (no boots)
Will    .....        o - amulet of reflection
Stlth   ++           p - ring of fire
HPRegen 0.28/turn    m - ring of poison resistance
MPRegen 0.11/turn

%: random rage (3%), reflection
@: no status effects
A: fangs 1, strong nose, distributed training, see invisible, berserk 1, low MP
1
a: Renounce Religion


You were on level 5 of the Dungeon.
You worshipped Xom.
You were a special plaything of Xom.
You visited 1 branch of the dungeon, and saw 7 of its levels.

You collected 264 gold pieces.

Inventory:

Hand Weapons
 a - a +0 short sword of chaos
 h - a +2 heavy battleaxe (weapon)
 j - a +2 dagger of electrocution
Armour
 b - a +3 leather armour (worn)
 f - a +0 ring mail
Jewellery
 m - a ring of poison resistance (right hand)
 o - an amulet of reflection (around neck)
 p - a ring of fire (left hand)
Talismans
 n - a storm talisman
Scrolls
 c - a scroll of butterflies
 d - a scroll of fog
 g - a scroll of immolation {unknown}
 k - 3 scrolls of enchant armour
 r - a scroll of noise {unknown}
Potions
 e - a potion of ambrosia
 i - 3 potions of attraction
 l - a potion of magic


   Skills:
 + Level 6.9 Fighting
 + Level 6.9 Short Blades
 + Level 2.1 Long Blades
 + Level 2.1 Axes
 + Level 2.1 Maces & Flails
 + Level 2.1 Polearms
 + Level 2.1 Staves
 + Level 2.1 Ranged Weapons
 + Level 2.1 Throwing
 + Level 5.1 Armour
 + Level 3.4 Dodging
 + Level 2.1 Stealth
 + Level 2.1 Shields
 + Level 2.1 Unarmed Combat
 + Level 2.1 Spellcasting
 + Level 1.7 Conjurations
 + Level 1.7 Hexes
 + Level 1.7 Summonings
 + Level 1.7 Necromancy
 + Level 1.7 Translocations
 + Level 1.7 Transmutations
 + Level 1.7 Fire Magic
 + Level 1.7 Ice Magic
 + Level 1.7 Air Magic
 + Level 1.7 Earth Magic
 + Level 1.7 Poison Magic
 + Level 2.4 Invocations
 + Level 2.1 Evocations
 + Level 2.0 Shapeshifting


You had 9 spell levels left.
You didn't know any spells.
Your spell library contained the following spells:

 Spells                   Type           Power      Damage    Failure   Level
 Cigotuvi's Dreadful Rot  Necr/Pois/Air  10%        N/A       26%         2
 Ensorcelled Hibernation  Hex/Ice        10%        N/A       26%         2
 Passwall                 Tmut/Erth      4%         N/A       26%         2
 Ignite Poison            Fire/Tmut/Pois 7%         N/A       45%         3
 Swiftness                Air            5%         N/A       45%         3
 Freezing Cloud           Conj/Ice/Air   2%         6-21      99%         5


Dungeon Overview and Level Annotations

Branches:
Dungeon (7/15)             Temple (0/1) D:7

Altars:
Dithmenos
Sif Muna
Xom


Innate Abilities, Weirdness & Mutations

You have very sharp teeth.
Your uncanny sense of smell can sniff out nearby items.
Your experience applies equally to all skills.
You have supernaturally acute eyesight. (SInv)
You sometimes lose your temper in combat.
Your magical capacity is low. (-10% MP)


Message History

The orc barely misses you. The orc hits you but does no damage.
The orc wizard closely misses you. You block the orc priest's attack.
The orc wizard closely misses you. The orc barely misses you.
The orc priest hits you with a +0 club.
You closely miss the orc priest.
The orc priest is severely wounded.
You barely miss the orc wizard. You barely miss the orc.
The orc wizard gestures at you while chanting.
You are confused.
The orc priest barely misses you. The orc hits you but does no damage.
The orc wizard completely misses you. The orc priest barely misses you.
The orc hits you but does no damage.
You closely miss the orc wizard. Your bite misses the orc wizard.
You slash the orc!
You kill the orc!
You hit the orc priest.
The orc wizard hits you with a +0 dagger.
The orc priest calls down the wrath of Beogh upon you.
Beogh smites you!
The orc wizard hits you but does no damage.
The orc priest barely misses you. The orc wizard casts a spell at you.
The magic dart hits you!
* * * LOW HITPOINT WARNING * * *
The orc priest hits you but does no damage.
The orc wizard casts a spell at you. The puff of flame hits you. You resist.
* * * LOW HITPOINT WARNING * * *
The orc priest looks encouraged for a moment.
The orc priest miscasts a cantrip.
You bump into the rock wall.
You feel less confused.
The orc wizard hits you but does no damage.
You barely miss the orc priest.
You bite the orc priest, but do no damage.
The orc priest is almost dead.
You barely miss the orc wizard.
The orc priest invokes the aid of Beogh against you.
Pain shoots through your body!
You die...

###...#....#
##.....#.##.#
#.........#.#
###..###.#..#.# #
#........#..#.#.#
###.#.##.#))#.#.#.#.
........#........$.
########.#...o######..
#........#.))o@.......
##.#######............
#<# #............ #.#
##........... #.#
#........... #.#
#........... #.#
#).......... #.#
#........... #.#
#.........


You could see an orc priest and an orc wizard.

Vanquished Creatures
  A phantom (D:3)
  A hound (D:5)
  A jelly (shapeshifter) (D:2)
  2 orc priests (D:4)
  Natasha (thrice) (D:3)
  An orc wizard (D:4)
  An adder (D:4)
  3 worms
  3 dart slugs
  9 orcs
  6 endoplasms
  2 giant cockroaches
  7 goblins
  6 hobgoblins
  4 quokkas
  9 ball pythons
  A bat (shapeshifter) (D:2)
  5 bats
  8 frilled lizards
  7 kobolds
  3 rats
83 creatures vanquished.

Notes
Turn   | Place    | Note
-------+----------+-------------------------------------------
     0 | D:1      | senseless the Gnoll Chaos Knight began the quest for the
                  | Orb.
     0 | D:1      | Reached XP level 1. HP: 23/23 MP: 1/1
   223 | D:1      | XOM: silly message
   279 | D:1      | Reached XP level 2. HP: 21/29 MP: 2/2
   404 | D:1      | XOM: silly message
   420 | D:1      | XOM: silly message
   905 | D:2      | Reached XP level 3. HP: 35/35 MP: 3/3
   948 | D:2      | Found a shimmering blue altar of Sif Muna.
  1254 | D:2      | a kobold changed into a glowing shapeshifter
  1254 | D:2      | Noticed a glowing shapeshifter (glowing shapeshifter)
  1254 | D:2      | a glowing shapeshifter changed into a giant cockroach
  1263 | D:2      | Reached skill level 1 in Invocations
  1309 | D:2      | an adder changed into a shapeshifter
  1309 | D:2      | Noticed a shapeshifter (shapeshifter)
  1309 | D:2      | a shapeshifter changed into a jelly
  1313 | D:2      | Reached skill level 1 in Long Blades
  1313 | D:2      | Reached skill level 1 in Axes
  1313 | D:2      | Reached skill level 1 in Maces & Flails
  1313 | D:2      | Reached skill level 1 in Polearms
  1313 | D:2      | Reached skill level 1 in Staves
  1313 | D:2      | Reached skill level 1 in Ranged Weapons
  1313 | D:2      | Reached skill level 1 in Throwing
  1313 | D:2      | Reached skill level 1 in Stealth
  1313 | D:2      | Reached skill level 1 in Shields
  1313 | D:2      | Reached skill level 1 in Unarmed Combat
  1313 | D:2      | Reached skill level 1 in Spellcasting
  1313 | D:2      | Reached skill level 1 in Evocations
  1313 | D:2      | Reached skill level 1 in Shapeshifting
  1313 | D:2      | Reached XP level 4. HP: 32/41 MP: 5/5
  1466 | D:2      | XOM: noise
  1709 | D:3      | Noticed Natasha
  1718 | D:3      | XOM: cast spell 'Cause Fear'
  1720 | D:3      | XOM: silly message
  1751 | D:3      | XOM: god gift: scroll labelled OBBIYF VOOCOU {god gift}
  1752 | D:3      | XOM: swap monsters
  1759 | D:3      | Killed Natasha
  1760 | D:3      | Reached skill level 1 in Conjurations
  1760 | D:3      | Reached skill level 1 in Hexes
  1760 | D:3      | Reached skill level 1 in Summonings
  1760 | D:3      | Reached skill level 1 in Necromancy
  1760 | D:3      | Reached skill level 1 in Translocations
  1760 | D:3      | Reached skill level 1 in Transmutations
  1760 | D:3      | Reached skill level 1 in Fire Magic
  1760 | D:3      | Reached skill level 1 in Ice Magic
  1760 | D:3      | Reached skill level 1 in Air Magic
  1760 | D:3      | Reached skill level 1 in Earth Magic
  1760 | D:3      | Reached skill level 1 in Poison Magic
  1833 | D:3      | XOM: give mutations
  1833 | D:3      | Gained mutation: You sometimes lose your temper in combat.
                  | [Xom's mischief]
  1833 | D:3      | Gained mutation: Your magical capacity is low. (-10% MP)
                  | [Xom's mischief]
  1833 | D:3      | Gained mutation: You have supernaturally acute eyesight.
                  | (SInv) [Xom's mischief]
  1867 | D:3      | Noticed a phantom
  1873 | D:3      | XOM: 9-stop teleportation journey
  1882 | D:3      | Found a shadowy altar of Dithmenos.
  1919 | D:3      | XOM: summons 3 hostile demons
  1933 | D:3      | XOM: confuse monster(s)
  1935 | D:3      | XOM: scenery: create altars
  2161 | D:3      | XOM: repel stairs
  2164 | D:3      | Killed a phantom
  2165 | D:3      | Reached XP level 5. HP: 47/47 MP: 6/6
  2398 | D:3      | Noticed Natasha
  2409 | D:3      | Killed Natasha
  2521 | D:3      | Noticed Natasha
  2533 | D:3      | Killed Natasha
  2534 | D:3      | Reached XP level 6. HP: 24/53 MP: 7/7
  2581 | D:3      | XOM: summons 1 hostile shadow creature
  3160 | D:4      | XOM: swap monsters
  3164 | D:4      | Reached skill level 5 in Armour
  3430 | D:4      | You fall into a shaft and drop 3 floors!
  3430 | D:7      | Found a staircase to the Ecumenical Temple.
  3522 | D:5      | Entered Level 5 of the Dungeon
  3550 | D:5      | XOM: summons 1 hostile demon
  3810 | D:5      | Killed from afar by an orc priest

Illustrated notes

Levels and vault maps discovered:
D:1:      spicycebolla_arrival_ecumenical, layout_basic
D:2:      layout_loops_ring, basic_altar, st_stairs_3
D:3:      layout_loops_ring, nicolae_dithmenos_shadow_blocks,
          nicolae_figureground_sparkle, uniq_natasha
D:4:      layout_loops_ring
D:5:      layout_basic, nicolae_tso_carved_into_rock
D:6:      layout_loops_ring, amethyst_overflow_temple_binary, zin_academy,
          mainiacjoe_overflow_swirl, uniq_maggie
D:7:      layout_loops_corners, minmay_temple_entry_tees

Skill      XL: |  1  2  3  4  5  6 |
---------------+-------------------+-----
Invocations    | 1 2 |  2.4
Long Blades    | 1 2 |  2.1
Axes           | 1 2 |  2.1
Maces & Flails | 1 2 |  2.1
Polearms       | 1 2 |  2.1
Staves         | 1 2 |  2.1
Ranged Weapons | 1 2 |  2.1
Throwing       | 1 2 |  2.1
Stealth        | 1 2 |  2.1
Shields        | 1 2 |  2.1
Unarmed Combat | 1 2 |  2.1
Spellcasting   | 1 2 |  2.1
Evocations     | 1 2 |  2.1
Shapeshifting  | 1 2 |  2.0
Conjurations   | 1 |  1.7
Hexes          | 1 |  1.7
Summonings     | 1 |  1.7
Necromancy     | 1 |  1.7
Translocations | 1 |  1.7
Transmutations | 1 |  1.7
Fire Magic     | 1 |  1.7
Ice Magic      | 1 |  1.7
Air Magic      | 1 |  1.7
Earth Magic    | 1 |  1.7
Poison Magic   | 1 |  1.7
Dodging        | 3 |  3.4
Armour         | 5 |  5.1
Fighting       | |  6.9
Short Blades   | |  6.9

Action                     |  1- 3 |  4- 6 || total
---------------------------+-------+-------++-------
  Melee: Short sword       |    96 |   155 ||   251
         Bite              |     2 |    14 ||    16
         Punch             |     1 |     3 ||     4
         Battleaxe         |       |    43 ||    43
    Use: Potion            |       |     3 ||     3
         Scroll            |       |    11 ||    11
   Stab: Confused          |       |     2 ||     2
         Sleeping          |       |     4 ||     4
 Armour: Leather armour    |     3 |   132 ||   135
         Ring mail         |    30 |       ||    30
  Dodge: Dodged            |    48 |   132 ||   180
  Block: Other             |       |    29 ||    29

Table legend: (Time is in decaauts)
 A = Elapsed time spent in this place.
 B = Non-inter-level travel time spent in this place.
 C = Inter-level travel time spent in this place.
 D = Time resting spent in this place.
 E = Time spent auto-exploring this place.
 F = Levels seen in this place.
 G = Mean time per level.
                   A        B        C        D        E       F      G
               +--------+--------+--------+--------+--------+-----+--------+
         Total |   3830 |   3577 |    253 |     80 |   2795 |   7 |  547.1 |
       Dungeon |   3830 |   3577 |    253 |     80 |   2795 |   7 |  547.1 |
               +--------+--------+--------+--------+--------+-----+--------+

Top non-repeatable levels by time:
     D:3: 1078 daAuts
     D:4: 871 daAuts
     D:2: 817 daAuts
     D:1: 794 daAuts
     D:5: 178 daAuts
     D:7: 82 daAuts
     D:6: 8 daAuts
